 Dungeon Crawl Stone Soup version 0.27.0-1-g7a089689b8 (webtiles) character file.

Game seed: 15543722831873516317

105 sanka the Changer (level 4, 0/38 HPs)
             Began as a Deep Dwarf Transmuter on Aug 2, 2021.
             Killed from afar by Natasha (5 damage)
             ... with a puff of flame
             ... on level 2 of the Dungeon.
             The game lasted 00:05:32 (2231 turns).

sanka the Changer (Deep Dwarf Transmuter)           Turns: 2231, Time: 00:05:33

Health: 0/38       AC:  2    Str: 14    XL:     4   Next: 54%
Magic:  3/6        EV: 19    Int: 14    God:
Gold:   66         SH:  0    Dex: 18    Spells: 3/7 levels left

rFire    . . .     SeeInvis .     - Unarmed
rCold    . . .     Faith    .   (shield currently unavailable)
rNeg     . . .     Spirit   .   (armour currently unavailable)
rPois    x         Reflect  .   (helmet currently unavailable)
rElec    .         Harm     .   (cloak currently unavailable)
rCorr    .         Rampage  .   (gloves currently unavailable)
Will     .....                  (boots currently unavailable)
Stlth    ++........             (no amulet)
HPRegen  0.00/turn              (no ring)
MPRegen  0.10/turn              (no ring)

@: spider-form (expiring)
A: venomous fangs, damage resistance, heal wounds, tiny, sense surroundings 1,
no regeneration
a: Heal Wounds, End Transformation


You were on level 2 of the Dungeon.
You were a venomous arachnid creature.
You visited 1 branch of the dungeon, and saw 3 of its levels.

You collected 66 gold pieces.


Innate Abilities, Weirdness & Mutations

You are a venomous arachnid creature.
You have poisonous fangs.
You are tiny and dextrous.
Your spellcasting is less reliable in this form.
Your armour is entirely melded.
You are incapable of wielding weapons or throwing items.
You are resistant to damage.
You can heal yourself by infusing magical energy.
You passively map a small area around you.
You do not regenerate.


   Skills:
 - Level 1.1 Fighting
 - Level 2.1 Dodging
 - Level 2.6 Unarmed Combat
 - Level 2.0 Spellcasting
 + Level 3.4 Transmutations
 + Level 1.9 Poison Magic


You had 3 spell levels left.
You knew the following spells:

 Your Spells              Type           Power      Damage    Failure   Level
x - Spider Form           Tmut/Pois      4%         N/A       45%         3
z - Beastly Appendage     Tmut           20%        N/A       17%         1

Your spell library contained the following spells:

 Spells                   Type           Power      Damage    Failure   Level
 Wereblood                Tmut           10%        N/A       22%         2
 Freeze                   Ice            4%         1d3       45%         1
 Frozen Ramparts          Ice            2%         1d2       77%         3
 Ice Form                 Ice/Tmut       6%         N/A       89%         4
 Hailstorm                Conj/Ice       1%         3d3       98%         4

Inventory:

Hand Weapons
 b - a +1 whip of venom (melded)
Armour
 k - a +0 robe (melded)
Magical Staves
 a - a staff of poison {!a}
Wands
 g - a wand of flame (8)
Scrolls
 c - 2 scrolls of identify {unknown}
 h - a scroll of noise {unknown}
 i - a scroll of blinking {unknown}
 m - a scroll of fear {unknown}
Potions
 d - 2 potions of attraction {unknown}
 e - a potion of haste {unknown}
 f - a potion of curing {unknown}
 j - 2 potions of mutation {unknown}
 l - a potion of heal wounds {unknown}

Dungeon Overview and Level Annotations

Branches:
Dungeon (3/15)

Altars:

Annotations:
D:2 Natasha

...▒ ░,░ ░,░,░,░,░,░ ▒ ...▒▒▒▒▒,░
▒.▒,░,░,░,░ ▒
.........▒░▒.▒,░,,,,,░ ▒
..........▒▒.▒,▒▒▒,▒▒░░░░▒▒▒▒▒▒▒▒
..........▒▒.▒,▒..,.,,,,,........
..........▒▒.▒.▒.▒.▒▒▒▒▒▒▒▒▒▒▒▒▒.
..........▒▒.▒.▒.▒...............
▒▒▒▒▒▒▒▒..▒▒.▒...h.............▒)
▒▒▒▒▒▒▒▒..▒▒.▒▒▒s▒▒▒▒▒▒▒▒▒▒▒▒▒.▒.
.................................
.▒▒▒▒▒▒▒...▒.▒....▒▒▒▒▒.▒.▒.▒▒.▒.
.▒ ▒.▒.▒.▒+▒▒'▒▒ ▒.▒.▒.▒▒.▒. .▒
▒.▒.........▒ ▒.▒.▒.▒▒.▒. .▒▒▒▒▒
▒.▒▒........▒▒▒▒.▒.▒.▒▒.▒.
.....▒▒▒.▒▒........▒▒...▒.▒.▒▒.▒.
.....'...▒▒........▒▒.▒▒▒.▒.▒▒.▒.
.....▒▒▒▒▒▒▒.▒▒▒▒'▒▒▒.▒.▒.▒.▒▒.▒.


You could see Natasha (very poisoned).


Message History

There is an open door here.
There is an open door here.
There is an open door here.
There is an open door here.
There is an open door here.
Natasha, Servant of Life and Death comes into view.
She is carrying a wand of flame (12).
Natasha hisses angrily.
The spell is quite dangerous to cast (24% risk of failure)!
Continue anyway?
You turn into a venomous arachnid creature.
Your +1 whip of venom stops dripping with poison.
Natasha zaps a wand.
The puff of flame hits you!
* * * LOW HITPOINT WARNING * * *
You barely miss Natasha.
Natasha zaps a wand.
The puff of flame hits you.
* * * LOW HITPOINT WARNING * * *
You hit Natasha but do no damage.
Natasha stares at you and mumbles some strange words.
You resist with some effort.
You hit Natasha.
Natasha is poisoned.
Natasha is lightly wounded.
Natasha misses you.
You barely miss Natasha.
Natasha is moderately wounded.
Your transformation is almost over.
Natasha zaps a wand.
The puff of flame hits you.
You die...

Action                   |  1- 3 |  4- 6 || total
-------------------------+-------+-------++-------
Melee: Unarmed           |    51 |    16 ||    67
       Kick              |     9 |       ||     9
       Headbutt          |     8 |       ||     8
       Punch             |     1 |       ||     1
       Whip              |    29 |       ||    29
 Cast: Beastly Appendage |    15 |       ||    15
       Spider Form       |     3 |     5 ||     8
 Abil: Heal Wounds       |     2 |       ||     2
Armor: Robe              |     6 |     1 ||     7
       Skin              |     2 |     1 ||     3
Dodge: Dodged            |    45 |    15 ||    60

Levels and vault maps discovered:
D:1:      minmay_arrival_cross, layout_loops_corners,
          hellmonk_ecumenical_altar_lost_god, minmay_pentomino_x2
D:2:      layout_basic, minmay_distorted, uniq_natasha
D:3:      layout_rooms

Notes
Turn   | Place    | Note
-------+----------+-------------------------------------------
     0 | D:1      | sanka the Deep Dwarf Transmuter began the quest for the
                  | Orb.
     0 | D:1      | Reached XP level 1. HP: 16/16 MP: 3/3
    52 | D:1      | Reached skill level 1 in Fighting
   111 | D:1      | Reached skill level 2 in Transmutations
   223 | D:1      | Reached XP level 2. HP: 16/25 MP: 2/4
   753 | D:2      | Reached XP level 3. HP: 8/31 MP: 5/5
   761 | D:2      | Learned a level 3 spell: Spider Form
   958 | D:2      | Reached skill level 1 in Poison Magic
  1635 | D:2      | Noticed Natasha
  1670 | D:1      | Reached skill level 2 in Spellcasting
  1716 | D:2      | Killed Natasha
  1717 | D:2      | Reached skill level 3 in Transmutations
  1717 | D:2      | Reached XP level 4. HP: 23/38 MP: 2/6
  1967 | D:2      | Noticed Natasha
  1986 | D:2      | Killed Natasha
  2224 | D:2      | Noticed Natasha
  2231 | D:2      | Killed from afar by Natasha

Vanquished Creatures
  Natasha (twice) (D:2)
  An adder (D:1)
  2 worms (D:2)
  2 dart slugs (D:2)
  An orc (D:2)
  3 ball pythons
  4 endoplasms
  2 giant cockroaches
  4 goblins
  A hobgoblin (D:1)
  2 quokkas (D:1)
  4 bats
  3 kobolds
  4 rats
35 creatures vanquished.
